 Dungeon Crawl Stone Soup version 0.31-a0-716-gc7603755dd (webtiles) character file.

Game seed: 3531925540128786850

283 Xavori the Sneak (level 6, -2/43 HPs)
             Began as an Octopode Chaos Knight on Sept 10, 2023.
             Was a Plaything of Xom.
             Slain by an iguana (6 damage)
             ... on level 4 of the Dungeon.
             The game lasted 00:03:36 (11450 turns).

Xavori the Sneak (Octopode Chaos Knight)           Turns: 11450, Time: 00:03:36

Health: -2/43      AC:  2    Str: 13    XL:     6   Next: 28%
Magic:  6/6        EV: 13    Int: 17    God:    Xom [...*..]
Gold:   127        SH:  5    Dex: 15    Spells: 5/5 levels left

rFire   . . .        c - +2 dagger (venom)
rCold   . . .        k - +1 buckler
rNeg    . . .        (helmet restricted)
rPois   +            (no amulet)
rElec   .            t - ring of protection from cold
rCorr   .            (no ring)
SInv    .            (no ring)
Will    .....        (no ring)
Stlth   ++++         (no ring)
HPRegen 0.27/turn    (no ring)
MPRegen 0.10/turn    (no ring)
                     (no ring)

%: no passive effects
@: no status effects
A: almost no armour, amphibious, 8 rings, camouflage 1, gelatinous body 1,
(nimble swimmer 1), tentacles, tentacle spike 2, agile 1, clever 1, poison
resistance, shaggy fur 1, strong 1, cold vulnerability 1, subdued magic 1,
MP-powered wands
a: Renounce Religion


You were on level 4 of the Dungeon.
You worshipped Xom.
You were a favourite toy of Xom.
You visited 1 branch of the dungeon, and saw 4 of its levels.

You collected 241 gold pieces.
You spent 114 gold pieces at shops.

Inventory:

Hand Weapons
 c - a +2 dagger of venom (weapon)
Missiles
 o - a throwing net
Armour
 k - a +1 buckler (worn)
Jewellery
 t - a ring of protection from cold (left tentacle)
Wands
 i - a wand of mindburst (7)
Scrolls
 a - a scroll of vulnerability {unknown}
 b - a scroll of butterflies
 d - 3 scrolls of teleportation
 g - 3 scrolls of identify {unknown}
 j - 3 scrolls of amnesia {unknown}
 l - a scroll of blinking {unknown}
 p - 2 scrolls of enchant weapon {unknown}
 q - a scroll of fog {unknown}
Potions
 e - 2 potions of cancellation {unknown}
 f - a potion of might {unknown}
 h - a potion of heal wounds
 m - a potion of attraction {unknown}
 n - a potion of lignification
 r - a potion of haste {unknown}
 s - a potion of brilliance {unknown}


   Skills:
 + Level 3.8 Fighting
 + Level 4.1 Short Blades
 + Level 3.0 Dodging
 + Level 5.0 Stealth
 * Level 2.3 Evocations


You had 5 spell levels left.
You didn't know any spells.
Your spell library contained the following spells:

 Spells                   Type           Power      Damage    Failure   Level
 Sandblast                Erth           0%         2d4       28%         1
 Passwall                 Tmut/Erth      0%         N/A       41%         2
 Ozocubu's Armour         Ice            0%         N/A       65%         3
 Stone Arrow              Conj/Erth      0%         3d7       65%         3
 Leda's Liquefaction      Hex/Erth       0%         N/A       96%         4
 Lee's Rapid Deconstruct  Erth           0%         3d4*      100%        5
 Metabolic Englaciation   Hex/Ice        0%         N/A       100%        5
 Leda's Unmaking          Conj/Erth      0%         9d1       100%        6
 Simulacrum               Ice/Necr       0%         N/A       100%        6


Dungeon Overview and Level Annotations

Branches:
Dungeon (4/15)
 Temple: D:4-7

Altars:
Xom

Shops:
D:1 *


Innate Abilities, Weirdness & Mutations

You cannot wear most types of armour.
You are amphibious.
You can wear up to eight rings at the same time.
Your skin changes colour to match your surroundings (Stealth+).
Your rubbery body absorbs attacks. (AC +1, EV +1)
((You are camouflaged when in or above water. (Stealth+)))
You have tentacles for arms and can constrict up to eight enemies at once.
One of your tentacles bears a nasty spike.
You are agile. (Dex +4, Str/Int -1)
Your mind is acute. (Int +4, Str/Dex -1)
Your system is resistant to poisons. (rPois)
You are covered in fur. (AC +1)
Your muscles are strong. (Str +4, Int/Dex -1)
You are vulnerable to cold. (rC-)
Your spells are a little easier to cast, but a little less powerful.
You expend magic power (3 MP) to strengthen your wands.


Message History

The kobold shouts!
You hit the orc priest but do no damage.
You grab the orc priest.
You pierce the orc priest.
The orc priest is moderately wounded.
You constrict the orc priest.
You hear a bark!
You block the iguana's attack.
The orc priest calls down the wrath of Beogh upon you.
Beogh smites you!
You hit the orc priest but do no damage.
You pierce the orc priest.
You squeeze the orc priest, but do no damage.
The orc priest is moderately wounded.
You constrict the orc priest. The iguana closely misses you.
The orc priest mumbles some strange prayers to Beogh against you.
Beogh smites you!
You hit the orc priest but do no damage.
You pierce the orc priest, but do no damage.
You squeeze the orc priest.
The orc priest is almost dead.
You constrict the orc priest, but do no damage.
The iguana bites you!
* * * LOW HITPOINT WARNING * * *
You release your grip on the orc priest.
You block the orc priest's attack.
You hit the orc priest.
The orc priest is poisoned.
You grab the orc priest.
You pierce the orc priest, but do no damage.
The orc priest is almost dead.
You constrict the orc priest.
You kill the orc priest!
Your Stealth skill increases to level 5!
You hit the kobold but do no damage.
The kobold is poisoned.
You grab the kobold.
You pierce the kobold, but do no damage.
You squeeze the kobold, but do no damage.
You constrict the kobold.
The kobold hits you with a +0 short sword.
* * * LOW HITPOINT WARNING * * *
The iguana bites you.
You die...

g...# . ..o.# ..
.o...# ...
########+#.....#
....##...##...[....#
..........[.[......#
........<.#........#
.......lK.#........#
........@.#........#
######.####........#
#. #########.. .. .
... .... ....


You could see an iguana and a kobold (poisoned).

Vanquished Creatures
  A steam dragon (D:4)
  An orc priest (D:4)
  3 adders
  3 gnolls (D:2)
  A worm (D:2)
  2 dart slugs
  2 orcs
  2 bats (D:2)
  2 endoplasms (D:3)
  15 goblins
  4 hobgoblins
  2 jackals (D:2)
  3 kobolds
  2 quokkas
  4 ball pythons
  3 frilled lizards
  3 rats
53 creatures vanquished.

Vanquished Creatures (others)
  An orc (D:4)
1 creature vanquished.

Grand Total: 54 creatures vanquished

Notes
Turn   | Place    | Note
-------+----------+-------------------------------------------
     0 | D:1      | Xavori the Octopode Chaos Knight began the quest for the
                  | Orb.
     0 | D:1      | Reached XP level 1. HP: 16/16 MP: 1/1
   172 | D:1      | Reached XP level 2. HP: 21/21 MP: 2/2
   235 | D:1      | XOM: noise
   260 | D:1      | XOM: silly message
   276 | D:1      | Found Hucs's Assorted Antiques.
   472 | D:1      | XOM: silly message
  1028 | D:1      | XOM: divination: magic mapping
  1323 | D:1      | XOM: noise
  1445 | D:1      | XOM: god gift: bubbling puce potion {god gift}
  1553 | D:1      | XOM: god gift: fuming dark potion {god gift}
  1605 | D:1      | XOM: god gift: wand of mindburst (9)
  1624 | D:1      | XOM: divination: detect creatures
  1927 | D:1      | XOM is BORED!
  2217 | D:1      | XOM: god gift: robe {god gift}
  2349 | D:1      | XOM: give mutations
  2349 | D:1      | Gained mutation: You have an increased reservoir of magic.
                  | (+10% MP) [Xom's grace]
  2349 | D:1      | Gained mutation: Your muscles are strong. (Str +4, Int/Dex
                  | -1) [Xom's grace]
  2349 | D:1      | Gained mutation: Your mind is acute. (Int +4, Str/Dex -1)
                  | [Xom's grace]
  2349 | D:1      | Gained mutation: Your flesh is cold resistant. (rC+) [Xom's
                  | grace]
  3110 | D:1      | XOM: god gift: flail {god gift}
  3231 | D:1      | XOM: god gift: 50 gold pieces
  3445 | D:1      | XOM is BORED!
  3445 | D:1      | XOM: give mutations
  3445 | D:1      | Lost mutation: You have an increased reservoir of magic.
                  | (+10% MP) [Xom's mischief]
  3445 | D:1      | Gained mutation: You are covered in fur. (AC +1) [Xom's
                  | mischief]
  3445 | D:1      | Gained mutation: You have hidden genetic defects. [Xom's
                  | mischief]
  3445 | D:1      | Lost mutation: Your flesh is cold resistant. (rC+) [Xom's
                  | mischief]
  3445 | D:1      | Gained mutation: You are vulnerable to cold. (rC-) [Xom's
                  | mischief]
  3760 | D:1      | XOM: cloud trail
  4336 | D:1      | XOM: scenery: create altars
  4365 | D:1      | XOM: silly message
  4758 | D:1      | XOM: god gift: book of Geomancy
  5160 | D:1      | XOM: god gift: 8 stones
  5646 | D:1      | XOM: give mutations
  5646 | D:1      | Gained mutation: One of your tentacles bears a spike.
                  | [Xom's grace]
  5646 | D:1      | Gained mutation: You expend magic power (3 MP) to
                  | strengthen your wands. [Xom's grace]
  5646 | D:1      | Gained mutation: One of your tentacles bears a nasty spike.
                  | [Xom's grace]
  5646 | D:1      | Gained mutation: Your spells are a little harder to cast,
                  | but a little more powerful. [Xom's grace]
  6384 | D:1      | XOM: noise
  6498 | D:1      | XOM: cloud trail
  6525 | D:1      | XOM: god gift: 48 gold pieces
  6699 | D:1      | XOM: god gift: 14 gold pieces
  7557 | D:1      | XOM is BORED!
  7557 | D:1      | XOM: summons 2 hostile demons
  7558 | D:1      | Noticed a crimson imp
  7736 | D:1      | XOM: give mutations
  7736 | D:1      | Gained mutation: You are agile. (Dex +4, Str/Int -1) [Xom's
                  | grace]
  7736 | D:1      | Gained mutation: You are partially covered in iridescent
                  | scales. (AC +2) [Xom's grace]
  7736 | D:1      | Gained mutation: Your system is resistant to poisons.
                  | (rPois) [Xom's grace]
  7781 | D:1      | XOM: give mutations
  7781 | D:1      | Gained mutation: Your mind is very acute. (Int +8, Str/Dex
                  | -2) [Xom's mischief]
  7781 | D:1      | Gained mutation: Your muscles are very strong. (Str +8,
                  | Int/Dex -2) [Xom's mischief]
  7781 | D:1      | Lost mutation: Your spells are a little harder to cast, but
                  | a little more powerful. [Xom's mischief]
  7891 | D:1      | Bought a scroll labelled WUREULANKU for 24 gold pieces
  7891 | D:1      | Bought a scroll labelled KARIH NATEPREG for 24 gold pieces
  7891 | D:1      | Bought a metallic red potion for 21 gold pieces
  7891 | D:1      | Bought a scroll labelled XOPSUIWK PEHEMN for 24 gold pieces
  7891 | D:1      | Bought a purple potion for 21 gold pieces
  7943 | D:2      | Gained mutation: Your spells are a little easier to cast,
                  | but a little less powerful. [hidden defects]
  7953 | D:2      | Reached XP level 3. HP: 26/26 MP: 3/3
  7955 | D:2      | Reached skill level 1 in Stealth
  8112 | D:1      | XOM: give mutations
  8112 | D:1      | Lost mutation: You are partially covered in iridescent
                  | scales. (AC +2) [Xom's mischief]
  8112 | D:1      | Lost mutation: Your muscles are very strong. (Str +8,
                  | Int/Dex -2) [Xom's mischief]
  8764 | D:1      | XOM: god gift: chain mail {god gift}
  8878 | D:1      | XOM: draining
  9930 | D:2      | Reached skill level 1 in Evocations
  9934 | D:2      | Lost mutation: Your mind is very acute. (Int +8, Str/Dex
                  | -2) [hidden defects]
  9934 | D:2      | Lost mutation: You have hidden genetic defects. [hidden
                  | defects expressed]
  9936 | D:2      | Reached skill level 2 in Stealth
  9949 | D:2      | XOM: god gift: scroll labelled KIOQOW GEEGGYIDEMO {god
                  | gift}
 10006 | D:2      | XOM: god gift: 2 atropa-tipped darts
 10114 | D:2      | Reached XP level 4. HP: 29/29 MP: 4/4
 10312 | D:2      | XOM: noise
 10338 | D:2      | XOM: summons 3 hostile shadow creatures
 10594 | D:3      | Reached skill level 3 in Stealth
 10739 | D:3      | XOM: 2-stop teleportation journey
 11308 | D:4      | Noticed an orc warrior
 11309 | D:4      | XOM: cast spell 'Alistair's Intoxication'
 11313 | D:4      | an orc warrior changed into a steam dragon
 11313 | D:4      | Noticed a steam dragon
 11313 | D:4      | XOM: polymorph orc warrior -> steam dragon
 11315 | D:4      | Reached XP level 5. HP: 36/36 MP: 5/5
 11317 | D:4      | Killed a steam dragon
 11318 | D:4      | Reached skill level 4 in Stealth
 11318 | D:4      | Reached XP level 6. HP: 29/43 MP: 0/6
 11341 | D:3      | XOM: noise
 11378 | D:4      | XOM: potion effect (curing)
 11449 | D:4      | Reached skill level 5 in Stealth
 11450 | D:4      | Slain by an iguana

Illustrated notes

Levels and vault maps discovered:
D:1:      minmay_arrival_doors, layout_rooms, serial_shops,
          nicolae_shop_just_a_little_nook
D:2:      cheibrodos_greedy_goblins, layout_basic
D:3:      layout_loops_ring, minmay_door_square
D:4:      layout_gridville, minmay_temple_entry_statues_pillars,
          gup_sewer_entry_spiral

Skill      XL: |  1  2  3  4  5  6 |
---------------+-------------------+-----
Stealth        | 2 3 4 5 |  5.0
Evocations     | 1 2 |  2.3
Short Blades   | 4 |  4.1
Dodging        | 3 |  3.0
Fighting       | |  3.8

Action                     |  1- 3 |  4- 6 || total
---------------------------+-------+-------++-------
  Melee: Dagger            |    42 |    59 ||   101
         Short sword       |     4 |       ||     4
         Constrict         |    16 |    18 ||    34
         Tentacles         |     6 |     5 ||    11
         Kick              |    11 |    17 ||    28
  Evoke: Wand              |       |     2 ||     2
    Use: Potion            |     4 |       ||     4
         Scroll            |     2 |       ||     2
   Stab: Sleeping          |     1 |     3 ||     4
         Confused          |       |     1 ||     1
 Armour: Skin              |    17 |    24 ||    41
  Dodge: Dodged            |    40 |    21 ||    61
  Block: Buckler           |     1 |     6 ||     7

Table legend: (Time is in decaauts)
 A = Elapsed time spent in this place.
 B = Non-inter-level travel time spent in this place.
 C = Inter-level travel time spent in this place.
 D = Time resting spent in this place.
 E = Time spent auto-exploring this place.
 F = Levels seen in this place.
 G = Mean time per level.
                   A        B        C        D        E       F      G
               +--------+--------+--------+--------+--------+-----+--------+
         Total |  11440 |  11375 |     65 |   9323 |   1655 |   4 | 2860.0 |
       Dungeon |  11440 |  11375 |     65 |   9323 |   1655 |   4 | 2860.0 |
               +--------+--------+--------+--------+--------+-----+--------+

Top non-repeatable levels by time:
     D:1: 9619 daAuts
     D:2: 961 daAuts
     D:3: 829 daAuts
     D:4: 29 daAuts
